 Dungeon Crawl Stone Soup version 0.21.1-1-g345015f (webtiles) character file.

2695 shakethe the Cleaver (level 9, -10/63 HPs)
             Began as a Human Berserker on Feb 5, 2018.
             Was an Elder of Trog.
             Mangled by an ice beast (13 damage)
             ... on level 9 of the Dungeon.
             The game lasted 00:28:02 (6719 turns).

shakethe the Cleaver (Human Berserker)              Turns: 6719, Time: 00:28:02

Health: -10/63     AC: 12    Str: 19    XL:     9   Next: 96%
Magic:  9/9        EV:  8    Int:  7    God:    Trog [****..]
Gold:   480        SH:  0    Dex: 15    Spells: 8/8 levels left

rFire    . . .     SeeInvis .   t - +0 hand axe (elec)
rCold    . . .     Gourm    .   (no shield)
rNeg     + . .     Faith    .   n - +0 chain mail
rPois    .         Spirit   .   m - +2 helmet
rElec    .         Reflect  .   (no cloak)
rCorr    .         Harm     .   y - +0 pair of gloves
MR       .....                  (no boots)
Stlth    ..........             (no amulet)
HPRegen  0.20/turn              i - ring of positive energy
MPRegen  0.11/turn              (no ring)

@: berserk cooldown, flying, slowed, very slow
A: no striking features
a: Berserk, Trog's Hand, Brothers in Arms, Burn Spellbooks, Renounce Religion


You were on level 9 of the Dungeon.
You worshipped Trog.
Trog was greatly pleased with you.
You were very hungry.

You visited 2 branches of the dungeon, and saw 10 of its levels.

You collected 480 gold pieces.

Inventory:

Hand Weapons
 a - a +0 hand axe
 t - a +0 hand axe of electrocution (weapon)
 D - a +0 giant spiked club
Missiles
 d - 253 stones
 l - 4 tomahawks (quivered)
Armour
 b - a +0 animal skin
 g - a +0 ring mail
 m - a +2 helmet (worn)
 n - a +0 chain mail (worn)
 v - a +1 helmet
 y - a +0 pair of gloves (worn)
 A - a +2 large shield
Jewellery
 i - a ring of positive energy (left hand)
 M - the ring of Shadows {Umbra +Inv Stlth+}
   (You found it on level 9 of the Dungeon)

   [ring of stealth]

   It lets you turn invisible.
   It makes you more stealthy.
Wands
 p - a wand of iceblast (9)
 B - a wand of acid (4)
 E - a wand of random effects (38)
Scrolls
 e - a scroll of fog {unknown}
 f - 4 scrolls of magic mapping {unknown}
 h - 5 scrolls of teleportation {unknown}
 j - a scroll of blinking {unknown}
 k - 10 scrolls of identify {unknown}
 o - 3 scrolls of noise {unknown}
 q - 3 scrolls of enchant armour {unknown}
 r - 3 scrolls of amnesia {unknown}
 s - 2 scrolls of remove curse {unknown}
 G - a scroll of fear {unknown}
 I - a scroll of immolation {unknown}
 K - a scroll of brand weapon {unknown}
Potions
 u - 3 potions of flight
 w - a potion of ambrosia {unknown}
 x - 2 potions of haste {unknown}
 z - 2 potions of curing {unknown}
 C - a potion of degeneration {unknown}
 F - 2 potions of magic {unknown}
 H - a potion of lignification {unknown}
Books
 J - a book of Misfortune

   Spells                             Type                      Level
   a - Confusing Touch                Hexes                        1
   b - Confuse                        Hexes                        3
   c - Gell's Gravitas                Translocation                3
   d - Petrify                        Transmutation/Earth          4
   e - Metabolic Englaciation         Hexes/Ice                    5
   f - Yara's Violent Unravelling     Hexes/Transmutation          5
   Trog disapproves of the use of such an item.
Comestibles
 c - 7 rations
 L - 2 chunks of flesh


   Skills:
 - Level 3.0 Fighting
 + Level 9.6 Axes
 + Level 9.1 Throwing
 - Level 2.0 Armour
 - Level 2.0 Dodging


You had 8 spell levels left.
You didn't know any spells.

Dungeon Overview and Level Annotations

Branches:
Dungeon (10/15)            Temple (1/1) D:6
   Lair: D:8-11         Orc: D:9-12

Altars:
Ashenzari
Cheibriados
Ru
Trog
Yredelemnul


Message History

You are exhausted.
You feel as though you will be slow longer.
There is an open door here.
Items here: ) [ †† a scimitar of flaming; a runed robe; the human corpse of Erica; a jackal corpse
There is an open door here.
The orc warrior hits you with a flail!
* * * LOW HITPOINT WARNING * * *
Okay, then.
The orc warrior closely misses you.
An orc comes into view.
It was a potion of flight.
You feel very buoyant.
You fly up into the air.
The orc warrior hits you with a flail.
* * * LOW HITPOINT WARNING * * *
An orc comes into view.
The ice beast hits you.
* * * LOW HITPOINT WARNING * * *
The ice beast freezes you!
You die...

#...)......##..
#..o#......#...
#...#......#...
##o###.....##..
#######....#.....##..
#..........#....)##'#
#..........#.........
#...Yo.....###+####.(
#...@............ #..
#......####...... ##+
#......# ......
#......# ......
#......# ......
#......# .....
#.....(# ....
#......#


You could see an orc warrior, an ice beast and 2 orcs.

Vanquished Creatures
  Erica (D:9)
  The ghost of shakethe the Chopper, an amateur DDFi (D:4)
  A hungry ghost (D:3)
  Menkaure (D:6)
  2 sky beasts (D:5)
  A black bear (D:4)
  2 ogres
  2 centaurs
  A big kobold (D:6)
  A bullfrog (D:6)
  3 scorpions
  A crimson imp (D:6)
  A jelly (D:10)
  4 orc wizards
  A quasit (D:9)
  4 hounds
  A bullfrog skeleton (D:7)
  2 iguanas (D:4)
  2 worker ants
  A hound zombie (D:6)
  A hound skeleton (D:4)
  4 gnolls (D:5)
  7 adders
  2 shadow imps
  An ooze (D:5)
  An adder skeleton (D:4)
  3 worms
  2 dart slugs
  3 leopard geckos
  9 orcs
  6 giant cockroaches
  11 goblins
  3 hobgoblins
  6 jackals
  12 kobolds
  3 quokkas
  2 ball pythons
  11 bats
  5 frilled lizards
  A jackal skeleton (D:4)
  A quokka skeleton (D:4)
  8 rats
135 creatures vanquished.

Vanquished Creatures (others)
  A plant (D:6)
1 creature vanquished.

Grand Total: 136 creatures vanquished

Notes
Turn   | Place    | Note
-------+----------+-------------------------------------------
     0 | D:1      | shakethe the Human Berserker began the quest for the Orb.
     0 | D:1      | Reached XP level 1. HP: 18/18 MP: 1/1
    97 | D:1      | Reached skill level 1 in Throwing
    97 | D:1      | Reached XP level 2. HP: 6/24 MP: 2/2
   585 | D:1      | Reached XP level 3. HP: 29/29 MP: 3/3
   734 | D:1      | Reached ** piety under Trog
  1118 | D:2      | You fall through a shaft for 2 floors!
  1285 | D:4      | Reached XP level 4. HP: 32/35 MP: 4/4
  1611 | D:3      | Reached XP level 5. HP: 34/41 MP: 5/5
  1681 | D:3      | Found a bloodstained altar of Trog.
  1707 | D:3      | Noticed a hungry ghost
  1723 | D:3      | Killed a hungry ghost
  1723 | D:3      | Reached skill level 5 in Axes
  1723 | D:3      | Reached XP level 6. HP: 45/47 MP: 6/6
  2192 | D:2      | Found a bloodstained altar of Trog.
  3129 | D:4      | Reached *** piety under Trog
  3289 | D:4      | Reached XP level 7. HP: 41/52 MP: 7/7
  3404 | D:4      | Noticed shakethe's ghost (amateur DDFi)
  3421 | D:4      | Killed shakethe's ghost
  3421 | D:4      | Reached skill level 5 in Throwing
  3649 | D:4      | Reached XP level 8. HP: 38/58 MP: 8/8
  4416 | D:5      | Entered Level 5 of the Dungeon
  4437 | D:5      | Found a basalt altar of Yredelemnul.
  5077 | D:5      | Found a sacrificial altar of Ru.
  5308 | D:6      | Reached XP level 9. HP: 61/63 MP: 9/9
  5407 | D:6      | Reached **** piety under Trog
  5422 | D:6      | Found a shattered altar of Ashenzari.
  5508 | D:6      | Found a snail-covered altar of Cheibriados.
  5629 | D:6      | Noticed Menkaure
  5632 | D:6      | Killed Menkaure
  5767 | D:6      | Found a staircase to the Ecumenical Temple.
  6266 | Temple   | Entered the Ecumenical Temple
  6550 | D:7      | You fall through a shaft for 3 floors!
  6550 | D:10     | Entered Level 10 of the Dungeon
  6660 | D:9      | Found the ring of Shadows {Umbra +Inv Stlth+}
  6678 | D:9      | Noticed Erica
  6704 | D:9      | Killed Erica
  6719 | D:9      | HP: 3/63 [ice beast (3)]
  6719 | D:9      | Mangled by an ice beast

Skill      XL: |  1  2  3  4  5  6  7  8  9 |
---------------+----------------------------+-----
Throwing       | 1 2 3 4 5 7 9 |  9.1
Axes           | 4 5 6 8 9 |  9.6
Fighting       | |  3.0
Armour         | |  2.0
Dodging        | |  2.0

Action                   |  1- 3 |  4- 6 |  7- 9 || total
-------------------------+-------+-------+-------++-------
Melee: Hand axe          |    83 |   135 |   219 ||   437
Throw: Stone             |     8 |     2 |       ||    10
       Tomahawk          |     7 |    13 |    63 ||    83
Invok: Berserk           |       |     2 |     4 ||     6
  Use: Potion            |       |       |     1 ||     1
 Stab: Sleeping          |     1 |       |       ||     1
  Eat: Chunk             |     1 |     7 |    10 ||    18
       Ration            |       |     1 |     1 ||     2
Armor: Animal skin       |     6 |       |       ||     6
       Ring mail         |    25 |       |       ||    25
       Chain mail        |    16 |    87 |   153 ||   256
Dodge: Dodged            |    67 |    50 |    80 ||   197
